 Dungeon Crawl Stone Soup version 0.25-a0-429-g4e43983 (webtiles) character file.

Game seed: 14078535232759983062, levelgen mode: deterministic

19135 relicbr the Placeless Elf (level 12, -4/78 HPs)
             Began as a Deep Elf Conjurer on Jan 25, 2020.
             Was a Priest of Sif Muna.
             Splashed by an oklob plant's acid (10 damage)
             ... on level 2 of the Lair of Beasts.
             The game lasted 00:39:38 (13526 turns).

relicbr the Placeless Elf (Deep Elf Conjurer)      Turns: 13526, Time: 00:39:40

Health: -4/78      AC:  4    Str:  5    XL:     12   Next: 33%
Magic:  10/28      EV: 17    Int: 26    God:    Sif Muna [***...]
Gold:   866        SH:  6    Dex: 15    Spells: 24/31 levels left

rFire    . . .     SeeInvis .   b - +2 dagger (venom)
rCold    . . .     Gourm    .   h - +1 buckler
rNeg     . . .     Faith    +   N - +0 troll leather armour
rPois    +         Spirit   .   R - +2 hat
rElec    .         Reflect  .   M - +0 cloak
rCorr    .         Harm     .   (no gloves)
MR       +....                  m - +0 pair of boots
Stlth    ++........             K - amulet of faith
HPRegen  0.63/turn              I - ring of poison resistance
MPRegen  0.21/turn              A - +5 ring of evasion

@: corroded
A: no striking features
a: Channel Magic, Forget Spell, Renounce Religion


You were on level 2 of the Lair of Beasts.
You worshipped Sif Muna.
Sif Muna was most pleased with you.
You were near starving.

You visited 3 branches of the dungeon, and saw 13 of its levels.
You also visited: Ossuary and Bailey.

You collected 866 gold pieces.

Inventory:

Hand Weapons
 a - a +1 dagger of freezing
 b - a +2 dagger of venom (weapon)
Missiles
 B - 7 atropa-tipped darts (quivered)
Armour
 h - a +1 buckler (worn)
 m - a +0 pair of boots (worn)
 M - a +0 cloak (worn)
 N - a +0 troll leather armour (worn)
 R - a +2 hat (worn)
Jewellery
 i - an uncursed ring of protection from magic
 q - an uncursed ring of protection from magic
 A - a +5 ring of evasion (right hand)
 C - a +3 ring of slaying
 D - an uncursed amulet of the gourmand
 F - a +3 ring of dexterity
 I - a ring of poison resistance (left hand)
 J - an uncursed ring of ice
 K - an amulet of faith (around neck)
 P - an uncursed amulet of guardian spirit {unknown}
Wands
 g - a wand of polymorph (3)
 j - a wand of random effects (33)
 y - a wand of scattershot (8)
 L - a wand of clouds (3)
Scrolls
 e - 2 scrolls of fog
 o - 11 scrolls of remove curse
 p - 4 scrolls of blinking
 t - 3 scrolls of amnesia
 u - 3 scrolls of fear
 v - 11 scrolls of teleportation
 w - a scroll of enchant weapon
 E - 2 scrolls of brand weapon
 O - a scroll of vulnerability
 S - a scroll of enchant armour
Potions
 d - a potion of magic {unknown}
 f - 5 potions of brilliance
 k - 5 potions of curing
 l - 7 potions of heal wounds
 n - 3 potions of might
 r - 2 potions of agility {unknown}
 s - 2 potions of haste
 x - 2 potions of resistance
 z - 2 potions of invisibility {unknown}
 G - a potion of flight {unknown}
 H - 2 potions of mutation {unknown}
 Q - a potion of ambrosia {unknown}
Comestibles
 c - 28 rations


   Skills:
 - Level 10.4 Fighting
 * Level 2.5 Dodging
 - Level 2.4 Stealth
 - Level 4.0 Shields
 - Level 10.3 Spellcasting
 * Level 10.9 Conjurations
 - Level 11.1 Translocations


You had 24 spell levels left.
You knew the following spells:

 Your Spells              Type           Power        Failure   Level  Hunger
a - Magic Dart            Conj           ####         1%          1    None
b - Searing Ray           Conj           ######       1%          2    None
c - Iskenderun's Mystic   Conj/Tloc      ######..     1%          4    None

Your spell library contained the following spells:

 Spells                   Type           Power        Failure   Level  Hunger
 Dazzling Flash           Conj/Hex       #####.       2%          3    None
 Static Discharge         Conj/Air       #####...     2%          3    None
 Stone Arrow              Conj/Erth      #####.       2%          3    None
 Animate Skeleton         Necr           N/A          8%          1    None
 Corona                   Hex            ##.....      8%          1    None
 Pain                     Necr           ##..         8%          1    None
 Fulminant Prism          Conj/Hex       #####.....   8%          4    None
 Ensorcelled Hibernation  Hex/Ice        ##....       12%         2    None
 Confusing Touch          Hex            ##......     22%         3    None
 Tukima's Dance           Hex            ##......     22%         3    None
 Vampiric Draining        Necr           ##........   22%         3    None
 Iskenderun's Battlesphe  Conj/Chrm      #####...     22%         5    ####...
 Lightning Bolt           Conj/Air       #####.....   22%         5    ####...
 Animate Dead             Necr           N/A          58%         4    None
 Conjure Ball Lightning   Conj/Air       #####.....   77%         6    #####..
 Agony                    Necr           ##......     91%         5    ####...
 Excruciating Wounds      Chrm/Necr      ##........   91%         5    ####...


Dungeon Overview and Level Annotations

Branches:
Dungeon (10/15)            Temple (1/1) D:7            Lair (2/6) D:9
Ossuary (visited)          Bailey (visited)
  Swamp: Lair:2-4    Shoals: Lair:2-4     Snake: Lair:2-4    Spider: Lair:2-4
    Orc: D:9-12

Altars:
Ashenzari
Dithmenos
Elyvilon
Fedhas
Hepliaklqana
Makhleb
Nemelex Xobeh
Okawaru
Qazlal
Ru
Sif Muna
Trog
Uskayaw
Vehumet
Xom
Yredelemnul
Zin
The Shining One

Shops:
D:5 }   D:8 *

Annotations:
D:4 antigravityiii's ghost, amateur DrCj
D:9 3 runed translucent doors
Lair:2 exclusion: oklob plant


Message History

The searing ray hits the oklob plant.
The oklob plant is severely damaged.
You finish channeling your searing ray.
The oklob plant spits acid at you. The splash of acid hits you!
You are splashed with acid!
The oklob plant spits acid at you. You block the splash of acid.
Casting: Searing Ray (safe; 1% risk of failure)
Confirm with . or Enter, or press ? or * to list all spells.
Aiming: Searing Ray (safe; 1% risk of failure)
Press: ? - help, Shift-Dir - straight line, f/p - oklob plant
Aim: an oklob plant (severely damaged)
The searing ray hits the oklob plant but does no damage.
The oklob plant is severely damaged. (Press . to maintain the ray.)
The oklob plant spits acid at you. The splash of acid hits you!!
* * * LOW HITPOINT WARNING * * *
You are splashed with acid!
You die...

.................##
..................#
..................#
.#.#..............#
....#...P##'.#.#.P#
..#..#...##..##...#
.....+..###'.###.##
.♣......###..P###.#
........##...###@##
...#.#..##.....#.#
....##..####..P#!!
####.....###..##$($
.###.....#.#.###$.P#
.P#............#####
..............##.#
.................#
.................#


You could see an oklob plant.

Vanquished Creatures
  Gastronok (Lair:2)
  Harold (D:10)
  A hydra (Lair:2)
  2 two-headed ogres
  Urug (D:10)
  Sonja (Lair:2)
  An unseen horror (D:7)
  Joseph (Lair:1)
  A gargoyle (D:10)
  2 spiny frogs
  3 komodo dragons
  2 trolls
  Grinder (D:3)
  Prince Ribbit (Lair:1)
  2 hippogriffs
  3 blink frogs (Lair:1)
  Sigmund (D:3)
  A spriggan (D:7)
  A vampire (D:9)
  A basilisk (Lair:2)
  12 yaks
  A wyvern (D:9)
  A hungry ghost (D:9)
  7 porcupines
  6 water moccasins
  2 sky beasts
  4 orc warriors
  3 ice beasts
  2 black bears
  2 necrophages
  2 phantoms
  3 centaurs
  7 ogres
  3 crocodiles
  A big kobold (D:7)
  10 bullfrogs
  Blork the orc (D:4)
  5 scorpions
  A water moccasin skeleton (D:4)
  6 killer bees (D:8)
  2 howler monkeys
  2 electric eels (Lair:1)
  4 crimson imps
  3 centaur zombies
  A quasit (D:6)
  2 bullfrog zombies
  A bullfrog skeleton (D:10)
  2 jellies (D:10)
  5 orc priests
  3 hounds
  7 orc wizards
  An iguana (D:4)
  Jessica (D:9)
  Ijyb (D:3)
  7 worker ants
  2 hound skeletons
  A hound zombie (D:10)
  13 mummies (Ossuary)
  Robin (D:3)
  A howler monkey skeleton (D:8)
  13 adders
  A gnoll (D:1)
  A howler monkey zombie (D:6)
  2 shadow imps
  2 oozes
  An adder skeleton (D:4)
  2 worms
  6 leopard geckos
  28 orcs
  4 ball pythons
  4 giant cockroaches
  22 goblins
  16 hobgoblins
  4 jackals
  4 quokkas
  3 bats
  3 frilled lizards
  A gnoll skeleton (Ossuary)
  3 goblin skeletons (Ossuary)
  A jackal skeleton (D:4)
  7 kobolds
  A leopard gecko skeleton (D:7)
  4 orc skeletons (Ossuary)
  9 rats
  11 rat skeletons (Ossuary)
  A plant (Lair:2)
321 creatures vanquished.

Vanquished Creatures (others)
  A fungus (Lair:2)
  5 plants
6 creatures vanquished.

Grand Total: 327 creatures vanquished

Notes
Turn   | Place    | Note
-------+----------+-------------------------------------------
     0 | D:1      | relicbr the Deep Elf Conjurer began the quest for the Orb.
     0 | D:1      | Reached XP level 1. HP: 10/10 MP: 6/6
   225 | D:1      | Reached XP level 2. HP: 15/15 MP: 0/8
   325 | D:1      | Reached skill level 5 in Conjurations
   679 | D:1      | Reached XP level 3. HP: 17/19 MP: 0/9
   780 | D:1      | Learned a level 2 spell: Searing Ray
  1441 | D:2      | Reached XP level 4. HP: 24/24 MP: 6/10
  2076 | D:3      | Noticed a phantom
  2082 | D:3      | Killed a phantom
  2082 | D:3      | Reached XP level 5. HP: 27/28 MP: 3/11
  2159 | D:3      | Noticed Robin
  2179 | D:3      | Killed Robin
  2193 | D:3      | Noticed Grinder
  2306 | D:3      | Paralysed by Grinder for 6 turns
  2511 | D:3      | Paralysed by Grinder for 5 turns
  2522 | D:3      | Killed Grinder
  2522 | D:3      | Reached XP level 6. HP: 24/32 MP: 3/12
  2789 | D:3      | You fall into a shaft and drop 3 floors!
  2807 | D:6      | Found a sand-covered staircase.
  2812 | Ossuary  | Entered an ossuary
  2876 | Ossuary  | Reached XP level 7. HP: 36/36 MP: 7/13
  3677 | D:6      | Reached skill level 10 in Conjurations
  3975 | D:6      | Learned a level 4 spell: Iskenderun's Mystic Blast
  4020 | D:6      | Reached XP level 8. HP: 41/41 MP: 8/15
  4411 | D:6      | Reached skill level 5 in Spellcasting
  4943 | D:5      | Entered Level 5 of the Dungeon
  5194 | D:5      | Found Fiev Ekh's Gadget Emporium.
  5969 | D:4      | Found a transporter.
  6015 | D:4      | Found a hide-covered altar of Uskayaw.
  6126 | D:4      | Noticed antigravityiii's ghost (amateur DrCj)
  6224 | D:4      | Noticed Blork the orc
  6228 | D:4      | Killed Blork the orc
  6252 | D:4      | Found a transporter.
  6467 | D:3      | Noticed Sigmund
  6474 | D:3      | Killed Sigmund
  6474 | D:3      | Reached skill level 10 in Spellcasting
  6474 | D:3      | Reached XP level 9. HP: 27/45 MP: 19/25
  6476 | D:3      | Noticed Ijyb
  6488 | D:3      | Killed Ijyb
  6810 | D:3      | Found a faded altar of an unknown god.
  7104 | D:7      | Reached skill level 1 in Fighting
  7104 | D:7      | Reached skill level 1 in Shields
  7226 | D:7      | Killed an unseen horror
  7378 | D:7      | Found a flagged portal.
  7392 | Bailey   | Entered a bailey
  7395 | Bailey   | Noticed an orc knight
  7695 | D:7      | Found a staircase to the Ecumenical Temple.
  7710 | Temple   | Entered the Ecumenical Temple
  7758 | Temple   | Became a worshipper of Sif Muna the Loreminder
  8149 | D:8      | Reached skill level 5 in Fighting
  8244 | D:8      | Reached XP level 10. HP: 59/59 MP: 22/26
  8602 | D:8      | Identified a scroll of acquirement
  8654 | D:8      | Identified the Papyrus of Twisted Attacks (You acquired it
                  | on level 8 of the Dungeon)
  8766 | D:8      | Found Ubaenn Ibiu's General Store.
  8819 | D:8      | Reached * piety under Sif Muna
  8824 | D:8      | You fall into a shaft and drop 1 floor!
  9100 | D:9      | Found a sparkling altar of Nemelex Xobeh.
  9100 | D:9      | Noticed Jessica
  9102 | D:9      | Killed Jessica
  9261 | D:9      | Found a staircase to the Lair.
  9311 | D:9      | Noticed a two-headed ogre
  9324 | D:9      | Killed a two-headed ogre
  9481 | D:9      | Found a runed translucent gate.
  9482 | D:9      | Found a runed translucent gate.
  9482 | D:9      | Found a runed translucent gate.
  9484 | D:9      | Noticed a purple ugly thing
  9485 | D:9      | Noticed a glowing orange brain
  9485 | D:9      | Noticed a purple ugly thing
  9486 | D:9      | Noticed a cyan ugly thing
  9646 | D:10     | Entered Level 10 of the Dungeon
  9744 | D:10     | Noticed a gargoyle
  9760 | D:10     | Killed a gargoyle
  9866 | D:10     | Noticed Harold
  9877 | D:10     | Killed Harold
  9877 | D:10     | Reached XP level 11. HP: 49/71 MP: 11/27
 10108 | D:10     | Reached ** piety under Sif Muna
 10112 | D:10     | Found a sparkling altar of Nemelex Xobeh.
 10154 | D:10     | Noticed Urug
 10204 | D:10     | Killed Urug
 10204 | D:10     | Reached skill level 10 in Fighting
 10725 | D:10     | Reached skill level 1 in Translocations
 10732 | D:10     | Noticed a two-headed ogre
 10748 | D:10     | Killed a two-headed ogre
 10748 | D:10     | Reached skill level 3 in Translocations
 10964 | Lair:1   | Entered Level 1 of the Lair of Beasts
 11083 | Lair:1   | Reached skill level 4 in Translocations
 11283 | Lair:1   | Reached skill level 5 in Translocations
 11425 | Lair:1   | Reached skill level 6 in Translocations
 11641 | Lair:1   | Noticed Prince Ribbit
 11663 | Lair:1   | Reached skill level 7 in Translocations
 11747 | Lair:1   | Killed Prince Ribbit
 11747 | Lair:1   | Reached *** piety under Sif Muna
 11910 | Lair:1   | Reached skill level 8 in Translocations
 12097 | Lair:1   | Noticed Joseph
 12112 | Lair:1   | Killed Joseph
 12555 | Lair:2   | Noticed a four-headed hydra
 12566 | Lair:2   | Killed a four-headed hydra
 12566 | Lair:2   | Reached skill level 9 in Translocations
 12566 | Lair:2   | Reached XP level 12. HP: 61/78 MP: 18/28
 12842 | Lair:2   | Noticed Gastronok
 12865 | Lair:2   | Killed Gastronok
 12865 | Lair:2   | Reached skill level 10 in Translocations
 13047 | Lair:2   | Noticed Sonja
 13067 | Lair:2   | Killed Sonja
 13220 | Lair:2   | Reached skill level 11 in Translocations
 13526 | Lair:2   | Splashed by an oklob plant's acid

Levels and vault maps discovered:
D:1:      dpeg_arrival_brainrot, layout_loops_ring
D:2:      layout_basic
D:3:      layout_basic, first_ration, chequers_ecumenical_altar_simple_redux,
          uniq_ijyb, uniq_robin, uniq_sigmund, uniq_grinder
D:4:      layout_rooms, eat_drink_and_be_merry_uskayaw,
          gammafunk_ghost_mausoleum, uniq_blork_the_orc
D:5:      layout_cave_pools, serial_shops, shop
D:6:      layout_basic, lightli_ossuary_entry_decrepit_ruins
D:7:      cheibrodos_fzero, layout_loops_ring, minmay_temple_entry_glassed_door,
          enter_bailey_2, the_bakery
D:8:      gammafunk_corrupted_shrine, layout_loops_ring, serial_shops,
          nicolae_shop_statue_plus
D:9:      minmay_cornered_nines, layout_basic, david_lair_shrubbed,
          ploomutoo_gammafunk_ghost_potion_laboratory,
          nemelex_lonely_heart_becter
D:10:     layout_roguey, basic_altar, uniq_urug, uniq_harold
Temple:   compressed_dpeg_triangle_lava_temple
Lair:1:   layout_cave_pods, serial_bayou_shore_a, grunt_megastairs_3,
          uniq_joseph, uniq_prince_ribbit2
Lair:2:   layout_regular_city, minmay_lair_oklob_items, grunt_megastairs_1,
          uniq_gastronok, uniq_sonja

Skill      XL: |  1  2  3  4  5  6  7  8  9 10 11 12 |
---------------+-------------------------------------+-----
Conjurations   | 5 6 7 8 9 10 | 10.9
Spellcasting   | 10 | 10.3
Fighting       | 5 9 10 | 10.4
Shields        | 4 |  4.0
Translocations | 9 11 | 11.1
Dodging        | |  2.5
Stealth        | |  2.4

Action                   |  1- 3 |  4- 6 |  7- 9 | 10-12 || total
-------------------------+-------+-------+-------+-------++-------
Melee: Dagger            |     8 |     5 |   152 |    85 ||   250
       Short sword       |     1 |     1 |       |       ||     2
 Cast: Magic Dart        |    69 |    50 |   151 |    96 ||   366
       Searing Ray       |       |    12 |    53 |   116 ||   181
       Iskenderun's Myst |       |       |       |    12 ||    12
Evoke: Wand              |       |       |       |     2 ||     2
  Use: Scroll            |     2 |     3 |     9 |     7 ||    21
       Potion            |       |     1 |     1 |       ||     2
 Stab: Sleeping          |     1 |       |     4 |     1 ||     6
  Eat: Chunk             |     1 |     5 |    24 |    10 ||    40
       Ration            |       |       |     1 |       ||     1
Armor: Robe              |     3 |       |       |       ||     3
       Leather armour    |       |     4 |    28 |     1 ||    33
       Troll leather arm |       |       |       |    25 ||    25
Dodge: Dodged            |    13 |    10 |   123 |   151 ||   297
Block: Buckler           |       |       |    35 |    53 ||    88

Table legend:
 A = Non-vault XP
 B = Vault XP
 C = Vault XP percentage of total XP
 D = Non-vault monster count
 E = Vault monster count
 F = Vault count percentage of total count
                 A         B        C        D         E       F
            +---------+---------+-------+---------+---------+-------
      Total |   15456 |   11881 |  43.5 |     242 |      78 |  24.4
            +---------+---------+-------+---------+---------+-------
        D:1 |      62 |       2 |   3.1 |      28 |       1 |   3.4
        D:2 |      82 |       0 |   0.0 |      18 |       0 |   0.0
        D:3 |     335 |     579 |  63.3 |      20 |      16 |  44.4
        D:4 |     613 |      90 |  12.8 |      26 |       1 |   3.7
        D:5 |     130 |       0 |   0.0 |       9 |       0 |   0.0
        D:6 |     808 |       0 |   0.0 |      20 |       0 |   0.0
        D:7 |     697 |    1586 |  69.5 |      16 |      12 |  42.9
        D:8 |    2042 |       0 |   0.0 |      33 |       0 |   0.0
        D:9 |    1341 |    1657 |  55.3 |      14 |       5 |  26.3
       D:10 |    3587 |    1871 |  34.3 |      25 |       2 |   7.4
     Lair:1 |    3959 |    1513 |  27.6 |      23 |       5 |  17.9
     Lair:2 |    1800 |    4326 |  70.6 |      10 |       4 |  28.6
    Ossuary |       0 |     257 | 100.0 |       0 |      32 | 100.0
            +---------+---------+-------+---------+---------+-------
